 Dungeon Crawl Stone Soup version 0.23.0-28-g6fe0f4d (webtiles) character file.

Game seed: 51459125082230475

111 Kairos the Shield-Bearer (level 4, -2/24 HPs)
             Began as a Vine Stalker Fighter on Feb 25, 2019.
             Slain by Sigmund
             ... wielding a +0 scythe
              (8 damage)
             ... on level 3 of the Dungeon.
             The game lasted 00:02:59 (1774 turns).

Kairos the Shield-Bearer (Vine Stalker Fighter)     Turns: 1774, Time: 00:03:00

Health: -2/24      AC:  6    Str: 20    XL:     4   Next: 92%
Magic:  0/5        EV:  7    Int: 12    God:
Gold:   65         SH:  9    Dex: 13    Spells: 3/3 levels left

rFire    . . .     SeeInvis .   a - +0 war axe
rCold    . . .     Gourm    .   c - +0 shield
rNeg     . . .     Faith    .   b - +0 scale mail
rPois    .         Spirit   +   (no helmet)
rElec    .         Reflect  .   m - scarf {cloud immunity}
rCorr    .         Harm     .   (no gloves)
MR       +....                  (no boots)
Stlth    ..........             (no amulet)
HPRegen  0.48/turn              n - +4 ring of intelligence
MPRegen  0.09/turn              g - ring of protection from magic

@: no status effects
A: fangs 2, regeneration 1, magic shield, antimagic bite, no potion heal 3, rot
immunity
a: no special abilities


You were on level 3 of the Dungeon.
You were hungry.

You visited 1 branch of the dungeon, and saw 3 of its levels.

You collected 65 gold pieces.

Inventory:

Hand Weapons
 a - a +0 war axe (weapon)
 u - a +3 mace
Armour
 b - a +0 scale mail (worn)
 c - a +0 shield (worn)
 m - a scarf of cloud immunity (worn)
Jewellery
 e - an uncursed ring of protection from cold
 g - a ring of protection from magic (right hand)
 n - a +4 ring of intelligence (left hand)
Scrolls
 i - 4 scrolls of identify
 k - 2 scrolls of teleportation
 q - a scroll of fear {unknown}
 r - 2 scrolls of magic mapping {unknown}
 v - a scroll of remove curse
Potions
 d - a potion of might
 h - a potion of berserk rage {unknown}
 j - 2 potions of heal wounds {unknown}
 l - a potion of magic {unknown}
 o - a potion of curing {unknown}
 p - a potion of mutation {unknown}
 s - 2 potions of lignification {unknown}
 t - 2 potions of flight {unknown}
Comestibles
 f - 6 rations


   Skills:
 + Level 3.1 Fighting
 + Level 3.0 Axes
 + Level 3.0 Armour
 + Level 0.7 Dodging
 + Level 0.2 Stealth
 + Level 3.2 Shields


You had 3 spell levels left.
You didn't know any spells.
Your spell library was empty.

Dungeon Overview and Level Annotations

Branches:
Dungeon (3/15)

Altars:
Nemelex Xobeh

Annotations:
D:3 Sigmund


Innate Abilities, Weirdness & Mutations

You have extremely sharp teeth.
Your natural rate of healing is unusually fast.
When hurt, damage is shared between your health and your magic reserves.
Your bite disrupts and absorbs the magic of your enemies.
Potions cannot restore your health.
You are immune to rotting.


Message History

You block Sigmund's attack.
You closely miss Sigmund. You bite Sigmund, but do no damage.
Sigmund is severely wounded.
Sigmund hits you with a +0 scythe.
You hit Sigmund.
Sigmund is almost dead.
Sigmund casts a spell.
Sigmund flickers and vanishes!
Deactivating autopickup; reactivate with Ctrl-A.
Your shield and scale mail prevent you from hitting something.
Your bite misses something. Something hits you.
You barely miss something. You bite something. You drain its magic.
You feel invigorated.
You hear some strange, mumbled words.
A puff of flame appears from out of thin air!
The puff of flame hits you!
* * * LOW HITPOINT WARNING * * *
You miss something. Your bite misses something. You block something's attack.
You miss something. Your bite misses something. Something hits you!
You die...

####### ################
.......##..............#
#.{@..############..
#..#### #. #.. #..
#.####.. #.. ##......
#.. #.<..... .#.
...#####.. .### ##. # #.
#.


There were no monsters in sight!

Vanquished Creatures
  A gnoll (D:2)
  5 adders (D:2)
  2 oozes
  A worm (D:2)
  A dart slug (D:1)
  2 leopard geckos
  5 bats (D:2)
  4 giant cockroaches
  9 goblins
  2 hobgoblins
  4 frilled lizards
  3 kobolds
  6 rats
45 creatures vanquished.

Notes
Turn   | Place    | Note
-------+----------+-------------------------------------------
     0 | D:1      | Kairos the Vine Stalker Fighter began the quest for the
                  | Orb.
     0 | D:1      | Reached XP level 1. HP: 11/11 MP: 2/2
   165 | D:1      | Reached XP level 2. HP: 16/16 MP: 3/3
   737 | D:2      | Reached XP level 3. HP: 19/19 MP: 4/4
  1413 | D:2      | Gained mutation: Your natural rate of healing is unusually
                  | fast. [Vine Stalker growth]
  1413 | D:2      | Reached XP level 4. HP: 23/24 MP: 5/5
  1643 | D:2      | Found a sparkling altar of Nemelex Xobeh.
  1759 | D:3      | Noticed Sigmund
  1774 | D:3      | Slain by Sigmund

Skill      XL: |  1  2  3  4 |
---------------+-------------+-----
Shields        | 3 |  3.2
Axes           | 2 3 |  3.0
Fighting       | 3 |  3.1
Armour         | 3 |  3.0
Dodging        | |  0.7
Stealth        | |  0.2

Action                   |  1- 3 |  4- 6 || total
-------------------------+-------+-------++-------
Melee: War axe           |    85 |    42 ||   127
       Bite              |    22 |    10 ||    32
  Use: Scroll            |       |     4 ||     4
       Potion            |       |     1 ||     1
  Eat: Chunk             |       |     2 ||     2
Armor: Scale mail        |    38 |    13 ||    51
Dodge: Dodged            |    25 |     7 ||    32
Block: Shield            |    43 |    24 ||    67
